 Dungeon Crawl Stone Soup version 0.32-a0-699-g1ee5eff69a (webtiles) character file.

Game seed: 177513680664682865

248 Melonhead the Shield-Bearer (level 6, -7/49 HPs)
             Began as a Formicid Fighter on Mar 14, 2024.
             Mangled by senseless's ghost (9 damage)
             ... on level 3 of the Dungeon.
             The game lasted 00:04:42 (2520 turns).

Melonhead the Shield-Bearer (Formicid Fighter)      Turns: 2520, Time: 00:04:43

Health: -7/49      AC: 10    Str: 23    XL:     6   Next: 34%
Magic:  7/7        EV:  7    Int:  7    God:
Gold:   247        SH:  5    Dex: 13    Spells: 5/5 levels left

rFire   . . .        a - +0 war axe
rCold   . . .        c - +0 buckler
rNeg    . . .        g - +1 chain mail
rPois   .            (helmet unavailable)
rElec   .            (no cloak)
rCorr   .            (no gloves)
SInv    +            (no boots)
Will    +....        (no amulet) Stlth
                     (no ring)
HPRegen 0.28/turn    (no ring)
MPRegen 0.10/turn

%: no passive effects
@: mighty, lethally poisoned (-7 -> -10), enlightened, flying
A: permanent stasis, dig shafts and tunnels, antennae 3, four strong arms
a: Dig, Shaft Self


You were on level 3 of the Dungeon.
You visited 1 branch of the dungeon, and saw 3 of its levels.

You collected 247 gold pieces.

Inventory:

Hand Weapons
 a - a +0 war axe (weapon)
Armour
 b - a +0 scale mail
 c - a +0 buckler (worn)
 g - a +1 chain mail (worn)
Scrolls
 h - a scroll of silence {!r}
 j - a scroll of teleportation {@r3}
 m - a scroll of enchant weapon
Potions
 e - a potion of lignification {unknown}
 i - a potion of berserk rage


   Skills:
 + Level 4.4 Fighting
 * Level 4.1 Axes
 - Level 3.2 Armour
 + Level 5.3 Shields
 + Level 2.6 Invocations


You had 5 spell levels left.
You didn't know any spells.
Your spell library contained the following spells:

 Spells                   Type           Power      Damage    Failure   Level
 Passwall                 Erth           0%         N/A       100%        3
 Volatile Blastmotes      Fire/Tloc      0%         2d10      100%        3
 Bombard                  Conj/Erth      0%         9d1       100%        6


Dungeon Overview and Level Annotations

Branches:
Dungeon (3/15)

Altars:
Gozag
Okawaru
Uskayaw

Annotations:
D:3 senseless's ghost, amateur CoBe


Innate Abilities, Weirdness & Mutations

You cannot be hasted, slowed, berserked, paralysed or teleported.
You can dig through walls and to a lower floor.
You have a pair of large antennae on your head. (SInv)
Your four strong arms can wield two-handed weapons with a shield.


Message History

The kobold hits you but does no damage.
You are poisoned.
The kobold hits you but does no damage.
You closely miss the kobold. You slash the kobold!
You kill the kobold!
You slash senseless's ghost!
You feel very sick. Senseless's ghost barely misses you.
The kobold hits you but does no damage.
You are more poisoned.
You closely miss senseless's ghost.
Senseless's ghost is heavily damaged.
You hit the kobold.
You kill the kobold!
You feel very sick. Senseless's ghost hits you.
Senseless's ghost hits you but does no damage.
You slash senseless's ghost!
Senseless's ghost is almost destroyed.
You barely miss the kobold. You closely miss the kobold.
You feel very sick. The kobold hits you but does no damage.
Senseless's ghost hits you but does no damage.
The kobold hits you but does no damage. You block the kobold's attack.
You feel sick. The kobold hits you but does no damage. Space warps around you.
* * * LOW HITPOINT WARNING * * *
You block the kobold's attack.
Unknown command.
It was a potion of berserk rage.
Your stasis prevents you from going berserk.
* * * LOW HITPOINT WARNING * * *
You feel sick. The kobold hits you but does no damage. Space warps around you.
* * * LOW HITPOINT WARNING * * *
Senseless's ghost hits you but does no damage.
The kobold barely misses you.
It was a potion of enlightenment.
You feel very buoyant.
You fly up into the air.
* * * LOW HITPOINT WARNING * * *
You feel sick. The kobold barely misses you. Senseless's ghost hits you!
You die...

.####.#####.# #.#####.... .####.#
#.# #.# #..#.
...##.#####.######## #.# #..#.
..........#.#......###### #..#.
......###>#.#.###.##~⌠~######..#.
....#.......#.# #.#.....##.......
......###.###.###.'.###..#.....##
##.#### #.......KKK......#......#
#.# #####.#.@WK.###.?#.##....
##'## #.#.#K#KK...##.####.#
#...#########.....##~⌠~###.####.#
.....##............#######......#
......#.####.......# #.##.######
........###..>.....####.#...####.
.........).....................+.
........###......#####......####.
......#.# ##.#...# #.#...## ##


You could see senseless's ghost and 7 kobolds.

Vanquished Creatures
  An ogre (D:3)
  A kobold brigand (D:3)
  An adder (D:3)
  A dart slug (D:2)
  6 orcs (D:3)
  4 ball pythons
  5 bats
  4 endoplasms
  3 giant cockroaches
  4 goblins
  10 hobgoblins
  6 jackals (D:2)
  11 kobolds
  5 quokkas
  3 frilled lizards
  9 rats
74 creatures vanquished.

Notes
Turn   | Place    | Note
-------+----------+-------------------------------------------
     0 | D:1      | Melonhead the Formicid Fighter began the quest for the Orb.
     0 | D:1      | Reached XP level 1. HP: 18/18 MP: 1/1
   131 | D:1      | Reached XP level 2. HP: 24/24 MP: 2/2
   351 | D:1      | Reached XP level 3. HP: 29/29 MP: 3/3
   983 | D:2      | Found an opulent altar of Gozag.
  1044 | D:2      | Reached skill level 1 in Invocations
  1501 | D:3      | Reached XP level 4. HP: 37/37 MP: 4/4
  1551 | D:3      | Found a runed translucent gate.
  1551 | D:3      | Found a runed translucent gate.
  1552 | D:3      | Noticed senseless's ghost (amateur CoBe)
  1982 | D:3      | Found a runed translucent gate.
  1987 | D:3      | Noticed a kobold brigand
  2080 | D:3      | Noticed an ogre
  2088 | D:3      | Killed an ogre
  2089 | D:3      | Reached skill level 5 in Shields
  2089 | D:3      | Reached XP level 5. HP: 25/42 MP: 6/6
  2283 | D:3      | Noticed a +0 dagger
  2284 | D:3      | Noticed a +0 hand axe
  2287 | D:3      | Found a hide-covered altar of Uskayaw.
  2295 | D:3      | Found an iron altar of Okawaru.
  2511 | D:3      | Killed a kobold brigand
  2512 | D:3      | Reached XP level 6. HP: 34/49 MP: 7/7
  2520 | D:3      | HP: 2/49 [poisoned by a kobold]
  2520 | D:3      | Mangled by senseless's ghost

Illustrated notes

Levels and vault maps discovered:
D:1:      minmay_arrival_arboretum_small, layout_basic, serial_forest,
          infiniplex_forest_end_1, infiniplex_forest_fountain,
          infiniplex_forest_end_3, infiniplex_forest_corner_1,
          infiniplex_forest_clump_long, infiniplex_forest_clump_C
D:2:      layout_loops_cross, basic_altar
D:3:      layout_loops_corners, overflow_temple_1_default,
          dancing_weapons_uskayaw, gammafunk_ghost_nasty_kobolds,
          minmay_fractal_squares_diagonal_5

Skill      XL: |  1  2  3  4  5 |
---------------+----------------+-----
Invocations    | 1 2 |  2.6
Axes           | 3 4 |  4.1
Fighting       | 4 |  4.4
Shields        | 5 |  5.3
Armour         | |  3.2

Action                     |  1- 3 |  4- 6 || total
---------------------------+-------+-------++-------
  Melee: War axe           |   126 |    76 ||   202
    Use: Potion            |       |     4 ||     4
         Scroll            |       |     7 ||     7
 Armour: Scale mail        |    16 |       ||    16
         Chain mail        |    34 |    74 ||   108
  Dodge: Dodged            |    29 |    33 ||    62
  Block: Buckler           |    15 |    28 ||    43

Table legend: (Time is in decaauts)
 A = Elapsed time spent in this place.
 B = Non-inter-level travel time spent in this place.
 C = Inter-level travel time spent in this place.
 D = Time resting spent in this place.
 E = Time spent auto-exploring this place.
 F = Levels seen in this place.
 G = Mean time per level.
                   A        B        C        D        E       F      G
               +--------+--------+--------+--------+--------+-----+--------+
         Total |   2597 |   2473 |    124 |     35 |   1912 |   3 |  865.7 |
       Dungeon |   2597 |   2473 |    124 |     35 |   1912 |   3 |  865.7 |
               +--------+--------+--------+--------+--------+-----+--------+

Top non-repeatable levels by time:
     D:3: 1075 daAuts
     D:2: 841 daAuts
     D:1: 681 daAuts
